 Dungeon Crawl Stone Soup version 0.15.0-31-geb66e34 (webtiles) character file.

1586476 Tolias the Sensei (level 26, 253/253 HPs)
             Began as a Pale Draconian Arcane Marksman on Sept 13, 2014.
             Was the Champion of Ashenzari.
             Escaped with the Orb
             ... and 3 runes!
             The game lasted 03:42:54 (75845 turns).

Tolias the Sensei (Pale Draconian Arcane Marksman) Turns: 75845, Time: 03:42:54

HP 253/253       AC 22     Str 12      XL: 26   Next:  4%
MP  36/36        EV 36     Int 20      God: Ashenzari [******]
Gold 2802        SH  0     Dex 23      Spells: 11 memorised,  5 levels left

rFire  + + +     SeeInvis +       - Unarmed
rCold  . . .     Clarity  +     (armour unavailable)
rNeg   + + .     rCorr    .     (no shield)
rPois  .         rRot     .     j - +2 hat {MR+} (curse)
rElec  +         Spirit   .     V - +2 cloak (curse)
SustAb .         Warding  +     b - +2 pair of fencer's gloves {EV+3 Dex+6 Slay+2}
rMut   .         Stasis   .     K - +0 pair of boots "Piwkog" {rElec}
Gourm  .                        I - cursed amulet of warding
MR     +++..                    A - cursed ring of the Skies Above {Wiz +Inv rF+ rN+ MR+ Int+3}
                                X - cursed ring "Zysuv" {+Fly rF++ Stlth-}

@: very slightly contaminated, deflect missiles, extremely resistant to hostile
enchantments, unstealthy
A: breathe steam, unfitting armour, deformed body, dopey 1, low mp 1, shaggy fur
1, weak 1, cold-blooded, AC +12
a: Breathe Steam, Scrying, Transfer Knowledge, Renounce Religion, Evoke
Invisibility, Evoke Flight
0: Orb of Zot
}: 3/15 runes: decaying, silver, gossamer


You escaped.
You worshipped Ashenzari.
Ashenzari was exalted by your worship.
You were full.

You visited 9 branches of the dungeon, and saw 54 of its levels.
You visited the Abyss 1 time.
You also visited: Labyrinth, Ossuary, Ice Cave, Volcano and Wizlab.

You collected 6450 gold pieces.
You spent 3648 gold pieces at shops.

Inventory:

Hand weapons
 q - a +9 hand crossbow of freezing
 w - a +4 blowgun
Missiles
 c - 221 bolts
 D - 4 throwing nets (quivered)
 G - 2 curare-tipped needles
Armour
 b - the cursed +2 pair of fencer's gloves (worn) {EV+3 Dex+6 Slay+2}
   (You bought it in a shop on level 6 of the Dungeon)

   It affects your evasion (+3).
   It affects your dexterity (+6).
   It affects your accuracy and damage with ranged weapons and melee attacks
   (+2).
   It has a curse placed upon it.
 j - a cursed +2 hat of magic resistance (worn)
 E - the +5 buckler "Xotwebro" {+Rage +Inv rPois rC+}
   (You found it on level 7 of the Dungeon)

   It protects you from cold.
   It protects you from poison.
   It lets you turn invisible.
   It lets you go berserk.
 K - the cursed +0 pair of boots "Piwkog" (worn) {rElec}
   (You found it on level 3 of the Vaults)

   It insulates you from electricity.
   It has a curse placed upon it.
 V - a cursed +2 cloak (worn)
Magical devices
 d - a wand of disintegration (6)
 f - a wand of disintegration (10)
 r - a wand of disintegration (16)
 y - a wand of digging (5)
 T - a wand of lightning (5)
Comestibles
 g - 15 meat rations
 m - 46 fruits
 u - 13 beef jerkies
 J - 5 bread rations
Scrolls
 e - 3 scrolls of magic mapping
 o - 11 scrolls of fog
 B - 12 scrolls of recharging
 L - 14 scrolls of identify
 M - 2 scrolls of holy word
 N - a scroll of silence
 O - 9 scrolls of teleportation
 P - 2 scrolls of fear
 U - 14 scrolls of remove curse
 Y - 4 scrolls of blinking
Jewellery
 A - the cursed ring of the Skies Above (right hand) {Wiz +Inv rF+ rN+ MR+ Int+3}
   (You found it on level 2 of the Swamp)

   [ring of wizardry]

   It improves your spell success rate.
   It affects your intelligence (+3).
   It protects you from fire.
   It protects you from negative energy.
   It affects your resistance to hostile enchantments.
   It lets you turn invisible.
   It has a curse placed upon it.
 I - a cursed amulet of warding (around neck)
 S - an uncursed ring of magical power
 X - the cursed ring "Zysuv" (left hand) {+Fly rF++ Stlth-}
   (You found it on level 5 of the Vaults)

   [ring of loudness]

   It greatly protects you from fire.
   It lets you fly.
   It makes you less stealthy.
   It has a curse placed upon it.
Potions
 a - 2 potions of cure mutation
 k - 17 potions of curing
 l - 4 potions of magic
 n - 5 potions of restore abilities
 p - 3 potions of cancellation
 t - 6 potions of resistance
 v - 7 potions of heal wounds
 z - 7 potions of brilliance
 C - a potion of porridge
 H - 2 potions of haste
 R - 10 potions of agility
 W - 6 potions of might
Miscellaneous
 h - a phial of floods
 i - a phial of floods
 s - a lamp of fire
 x - a lamp of fire
 F - a sack of spiders
 Z - a sack of spiders {used: 9}


   Skills:
 + Level 23.7 Fighting
 - Level 10.0 Crossbows
 - Level 16.1(20.0) Dodging
 - Level 10.9(15.1) Stealth
 - Level 5.0 Shields
 * Level 25.4 Unarmed Combat
 - Level 8.1 Spellcasting
 - Level 2.6(6.3) Hexes
 - Level 9.8(14.1) Charms
 - Level 5.3(9.8) Necromancy
 - Level 5.3(9.8) Translocations
 - Level 7.3(11.8) Air Magic
 - Level 16.6(20.4) Evocations


You had 5 spell levels left.
You knew the following spells:

 Your Spells              Type           Power        Failure   Level  Hunger
a - Apportation           Tloc           #####.....   1%          1    None
b - Regeneration          Chrm/Necr      ######....   1%          3    None
c - Phase Shift           Tloc           #####.....   2%          5    ####...
d - Animate Dead          Necr           N/A          1%          4    ###....
e - Corona                Hex            ####...      1%          1    None
h - Haste                 Chrm           ######..     1%          6    ######.
q - Blink                 Tloc           N/A          1%          2    None
s - Animate Skeleton      Necr           N/A          1%          1    None
v - Deflect Missiles      Chrm/Air       ######....   3%          6    ######.
y - Passage of Golubria   Tloc           N/A          1%          4    ###....
z - Flight                Chrm/Air       ######....   1%          3    None


Dungeon Overview and Level Annotations

Branches:
Dungeon (15/15)            Temple (0/1) D:7             Orc (4/4) D:11
    Elf (2/3) Orc:4          Lair (8/8) D:9           Swamp (5/5) Lair:3
 Spider (5/5) Lair:3        Slime (0/6) Lair:7       Vaults (5/5) D:13
  Crypt (0/3) Vaults:2     Depths (5/5) D:15            Zot (5/5) Depths:5

Altars:
Ashenzari
Cheibriados
Elyvilon
Fedhas
Kikubaaqudgha
Makhleb
Nemelex Xobeh
Okawaru
Sif Muna
Trog
Xom
Yredelemnul
Zin
The Shining One
Jiyva

Shops:
D:6 (**[   Orc:4 }(*(   Vaults:1 %   Vaults:3 *   Vaults:5 !%==?

Portals:
Hell: Depths:1 Depths:2 Depths:3 Depths:4 Depths:5
Abyss: Depths:2 Depths:4 Depths:5
Pandemonium: Depths:3
Ziggurat: Depths:3
Trove: Vaults:4 (give 17 scrolls of teleportation)

Annotations:
Depths:1 Sojobo


Innate Abilities, Weirdness & Mutations

You can breathe blasts of scalding steam.
Your pale cyan-grey scales are hard (AC +12).
Your body does not fit into most forms of armour.
Your cold-blooded metabolism reacts poorly to cold.
Your body is misshapen.
You are dopey. (Int -2)
Your magical capacity is low (-10% MP).
You are covered in fur (AC +1).
You are weak. (Str -2)


Message History

(L) Lair (S) Swamp (N) Spider Nest (M) Slime Pits (V) Vaults (C) Crypt (U) Depths (H) Hell (Z) Zot
Where to? (Enter - D:1 @ (x,y), ? - help)
You see here an uncursed leather armour.
You sense a monster nearby.
(D) Dungeon (T) Temple (O) Orcish Mines (E) Elven Halls (L) Lair (S) Swamp (N) Spider Nest (M) Slime Pits (V) Vaults (C) Crypt (U) Depths (H) Hell (Z) Zot
Where to? (Enter - D:1 @ (x,y), ? - help)
A rat comes into view.
You hit the rat.
You kill the rat!
No target in view!
No target in view!
No target in view!
No target in view!
There is a staircase leading out of the dungeon here.
You have escaped!

# #..###..##.#.##...##.#.#.....#.
#..# ##.##.#.#8[##.#.#.##......
###..# #.#8.#.##.8#.#.#.8#......
.##.## #.##{#....##.#.#.##......
..#.######.#.#8####.##.#.#.......
)..........#.###...##.##.#.......
#...[....####...####.##.##.......
....####..# ##8##...##.##........
.##.# ##.# ####@.###.####.....#.
.##.# #.###.#####..###.%..#####
.##.# #..##........###.#### .##.#
##..#............# .##.#
##.#........#..##
.##.#######.##......##..####
...........................##
###......###.#########..##..## #
#......###..#######...###..##


There were no monsters in sight!

Vanquished Creatures
  5 ancient liches (Zot:5)
  5 orbs of fire
  A curse toe (Zot:3)
  the Lernaean hydra (Swamp:5)
  3 Killer Klowns
  7 golden dragons
  3 electric golems
  A bone dragon (Depths:4)
  12 tentacled monstrosities
  4 quicksilver dragons
  20 Orb Guardians
  A deep elf blademaster (Depths:4)
  A titan (Vaults:5)
  2 octopode crushers
  3 liches
  5 storm dragons
  6 tengu reavers
  2 thorn hunters
  6 sphinxes
  Kirke (D:14)
  8 shadow dragons
  9 fire giants
  A deep elf sorcerer (Depths:4)
  7 frost giants
  2 iron dragons
  Aizul (Vaults:2)
  11 vault wardens
  3 draconian scorchers
  4 emperor scorpions
  6 ghost moths
  3 draconian zealots
  3 draconian knights (Zot:2)
  An angel (Depths:3)
  12 very ugly things
  Jorgrun (Vaults:2)
  A spriggan defender (Depths:5)
  21 stone giants
  A draconian caller (Zot:5)
  5 grey draconians
  3 deep elf demonologists
  2 draconian shifters (Zot:2)
  A vampire knight (Depths:4)
  A salamander firebrand (Depths:4)
  A lorocyproca (Depths:3)
  3 war gargoyles
  3 deep elf annihilators
  A yellow draconian (shapeshifter) (Vaults:5)
  3 black draconians
  A mottled draconian (Zot:5)
  6 pale draconians
  2 purple draconians
  3 yellow draconians
  3 dire elephants
  3 red draconians
  An eidolon (Elf:2)
  7 white draconians
  3 minotaurs
  12 ettins
  A deep elf death mage (Depths:4)
  14 yaktaur captains
  A green death (D:11)
  15 fire dragons
  24 vault guards
  10 ironheart preservers
  3 death cobs
  4 great orbs of eyes
  A small abomination (Vaults:5)
  6 statues (WizLab)
  5 deep elf high priests
  24 hydras
  6 rakshasas
  A ravenous item mimic (Vaults:5)
  10 centaur warriors
  10 ice dragons
  A shambling mangrove (Swamp:4)
  3 spriggan air magi (Depths:5)
  3 deep troll shamans
  7 alligators
  7 deep troll earth magi
  12 dancing weapons
  12 ogre magi
  An alligator (shapeshifter) (Vaults:5)
  20 death yaks
  4 tengu warriors
  2 hell hogs (Depths:1)
  A fire crab (shapeshifter) (Vaults:5)
  5 spriggan berserkers
  A catoblepas (Lair:8)
  15 deep elf knights
  An iron troll (Depths:3)
  2 soul eaters
  3 sun demons (Depths:4)
  30 deep trolls
  15 skeletal warriors
  3 ice devils
  2 salamander mystics
  2 unseen horrors (shapeshifter)
  3 shadow wraiths
  8 hell knights
  20 orb spiders
  An unseen horror (D:15)
  2 flayed ghosts
  7 deep elf summoners
  7 harpies (Vaults:3)
  A lindwurm (shapeshifter) (Vaults:2)
  3 necromancers
  15 deep elf conjurers
  14 hill giants
  13 orc knights
  15 swamp dragons
  10 ironbrand convokers
  6 manticores
  11 red wasps
  4 salamanders
  7 griffons
  A red wasp (shapeshifter) (Vaults:5)
  4 orc sorcerers
  6 cyclopes
  An elephant (shapeshifter) (Depths:4)
  21 moths of wrath
  A hellion (Depths:2)
  34 ugly things
  A wolf spider (shapeshifter) (Vaults:3)
  39 wolf spiders
  3 sixfirhies
  2 smoke demons
  A phantasmal warrior (Vaults:4)
  8 elephants
  A centaur zombie (D:12)
  3 black mambas
  2 orange demons
  3 human skeletons
  9 iron devils
  A guardian serpent (Lair:6)
  A queen ant (Lair:6)
  8 vault sentinels
  4 gargoyles
  5 torpor snails
  An eye of devastation (shapeshifter) (Vaults:5)
  12 water elementals
  2 kobold demonologists
  11 demonic crawlers
  3 efreet
  54 yaktaurs
  6 fire drakes
  7 komodo dragons
  23 spiny frogs
  A hellwing (Vaults:4)
  A komodo dragon (shapeshifter) (Vaults:3)
  12 deep elf priests
  2 yaktaur skeletons
  Grinder (D:4)
  10 trolls
  7 freezing wraiths
  28 jumping spiders
  A polar bear (Lair:4)
  A moth of wrath zombie (Zot:5)
  A tengu conjurer (D:11)
  4 giant leeches
  3 red devils
  A baby alligator (shapeshifter) (Vaults:1)
  A golden dragon simulacrum (Depths:4)
  34 slime creatures
  7 boulder beetles
  A raven (shapeshifter) (Vaults:1)
  24 two-headed ogres
  9 basilisks
  3 baby alligators (Swamp:5)
  23 deep elf magi
  14 ravens
  2 human zombies
  7 bog bodies
  3 flying skulls
  8 air elementals
  11 blink frogs
  9 spriggans
  A ynoxinul (D:1)
  59 redbacks
  29 trapdoor spiders
  16 wyverns
  4 vampires
  62 yaks
  A hill giant zombie (D:10)
  9 shadows
  39 tarantellas
  A redback (shapeshifter) (Vaults:5)
  7 wraiths
  A human simulacrum (Vaults:2)
  4 humans
  18 hippogriffs
  Eustachio (D:6)
  2 golden eyes (Elf:2)
  A hell beast (D:2)
  A steam dragon (D:9)
  2 hungry ghosts
  23 deep elf fighters
  2 hill giant skeletons
  6 wargs
  14 wolves
  A yaktaur simulacrum (Vaults:2)
  A hippogriff (shapeshifter) (Depths:5)
  33 swamp worms
  13 soldier ants (Lair:6)
  11 hell hounds
  26 vampire mosquitoes
  11 water moccasins
  25 porcupines
  10 swamp drakes
  A tengu skeleton (D:15)
  4 ice beasts
  3 sky beasts
  6 phantoms
  A spider (shapeshifter) (D:15)
  A necrophage (D:4)
  12 yellow wasps
  2 black bears (Lair:8)
  60 spiders
  34 orc warriors
  4 boggarts (Vaults:1)
  51 ogres
  21 crocodiles
  35 centaurs
  A manticore skeleton (D:9)
  A hill giant simulacrum (D:14)
  A lost soul (Depths:4)
  5 boring beetles
  32 giant frogs
  A gnoll sergeant (D:10)
  3 big kobolds
  An ogre simulacrum (Vaults:1)
  3 insubstantial wisps (Swamp:2)
  A cyclops skeleton (D:13)
  2 water moccasin zombies (Ossuary)
  A warg zombie (Orc:4)
  9 scorpions
  12 killer bees
  An eye of draining (D:10)
  19 wights
  2 electric eels
  8 crimson imps
  2 goliath beetles
  4 elf zombies
  16 iguanas
  2 jellies
  22 orc priests
  A giant frog skeleton (D:11)
  47 worker ants
  16 hounds
  35 orc wizards
  16 orange rats
  28 sheep
  A mottled dragon zombie (D:14)
  2 ogre zombies
  3 big kobold zombies (Ossuary)
  6 mummies
  129 green rats
  6 gnolls
  32 adders
  2 giant mites
  3 orc skeletons
  A goliath beetle zombie (D:8)
  12 white imps (Lair:3)
  6 shadow imps
  2 worms
  3 adder zombies (Ossuary)
  3 giant geckos
  An ooze (D:2)
  235 orcs
  18 bats
  3 giant cockroaches
  18 goblins
  20 hobgoblins
  29 kobolds
  12 quokkas
  2 ball pythons
  5 giant newts
  2 giant spores
  5 gnoll zombies (Ossuary)
  A hobgoblin skeleton (D:7)
  6 hobgoblin zombies
  7 jackals
  2 kobold skeletons
  2 kobold zombies (Ossuary)
  12 orc zombies
  A quokka zombie (D:9)
  28 rats
  14 ballistomycetes
  4 crawling corpses
2788 creatures vanquished.

Vanquished Creatures (collateral kills)
  A Killer Klown (Zot:5)
  A golden dragon (Depths:5)
  An electric golem (Zot:5)
  Nikola (Swamp:2)
  3 Orb Guardians (Zot:5)
  A lich (Vaults:5)
  2 titans
  A storm dragon (Depths:5)
  2 tengu reavers
  3 shadow dragons (Vaults:5)
  3 sphinxes
  4 fire giants
  A fire giant (shapeshifter) (Vaults:5)
  6 vault wardens
  2 emperor scorpions
  A draconian zealot (Zot:2)
  A draconian shifter (Zot:5)
  3 spriggan defenders
  9 stone giants
  5 very ugly things
  2 deep elf demonologists
  3 war gargoyles
  2 white draconians
  A deep elf annihilator (Elf:2)
  A yellow draconian (Zot:5)
  A pale draconian (Depths:5)
  A red draconian (Zot:2)
  A blizzard demon (Depths:4)
  A crystal guardian (Vaults:5)
  2 merfolk javelineers (Depths:2)
  4 ettins
  4 yaktaur captains
  A great orb of eyes (Depths:2)
  5 deep elf high priests
  A death cob (Zot:3)
  An ironheart preserver (Vaults:2)
  2 fire dragons
  2 ice dragons
  5 vault guards (Vaults:5)
  2 hydras (Swamp:5)
  A rakshasa (Depths:4)
  An ogre mage (Vaults:5)
  2 spriggan air magi
  A centaur warrior (Vaults:3)
  4 deep troll shamans
  A spriggan berserker (Depths:3)
  2 soul eaters (Depths:4)
  A hell knight (Depths:4)
  A sea snake (shapeshifter) (Vaults:5)
  4 deep elf knights (Depths:4)
  2 orb spiders
  A hill giant (Depths:1)
  4 swamp dragons
  An ice statue (Depths:4)
  9 deep trolls
  A deep elf summoner (Depths:4)
  6 ironbrand convokers
  2 orc knights
  3 deep elf conjurers
  A wolf spider (Zot:5)
  A draconian zombie (Zot:5)
  A red wasp (Vaults:3)
  An orc sorcerer (Vaults:5)
  2 slime creatures (Depths:2)
  4 phantasmal warriors (Vaults:5)
  A griffon (Vaults:4)
  4 ugly things
  3 salamanders
  2 spiny frogs (Swamp:5)
  2 vault sentinels
  A spiny frog (shapeshifter) (Vaults:4)
  A tormentor (Depths:3)
  A smoke demon (Zot:2)
  An orange demon (Zot:1)
  3 kobold demonologists (Vaults:3)
  A storm dragon simulacrum (Depths:4)
  A pale draconian zombie (Zot:2)
  A blue devil (Depths:3)
  A demonic crawler (Zot:2)
  A golden dragon simulacrum (Depths:4)
  A wandering mushroom (Zot:3)
  2 freezing wraiths (Depths:4)
  20 yaktaurs
  A merfolk (shapeshifter) (Vaults:5)
  2 human zombies (Vaults:5)
  A red devil (Depths:4)
  A sphinx simulacrum (Depths:4)
  5 two-headed ogres
  A shadow (Swamp:5)
  A giant leech (Swamp:5)
  A moth of wrath zombie (Zot:5)
  An iron dragon simulacrum (Depths:4)
  A wraith (Depths:4)
  A wyvern (shapeshifter) (Depths:1)
  2 elf zombies (Depths:4)
  5 deep elf fighters
  A human (shapeshifter) (Vaults:5)
  4 vampire mosquitoes
  3 swamp worms
  A water moccasin (Swamp:5)
  2 swamp drakes (Swamp:5)
  An ice beast (Depths:4)
  2 orc warriors (Vaults:5)
  A hell hound (Depths:1)
  7 ogres
  A spider (Elf:1)
  An elf simulacrum (Depths:4)
  2 centaurs
  A big kobold (Vaults:3)
  A yaktaur zombie (Depths:4)
  A glowing shapeshifter simulacrum (Depths:4)
  2 insubstantial wisps (Swamp:2)
  A human simulacrum (Vaults:1)
  An orc priest (Vaults:4)
  An orc wizard (Vaults:4)
  A mottled dragon zombie (D:12)
  A shadow imp (Depths:3)
  5 orcs
  2 kobolds (Vaults:3)
263 creatures vanquished.

Vanquished Creatures (others)
  A storm dragon (Zot:5)
  A fire giant (Depths:1)
  A frost giant (Vaults:4)
  A very ugly thing (Vaults:4)
  2 very ugly thing zombies
  2 quicksilver dragon zombies
  A fire dragon (Zot:5)
  A hydra (Swamp:5)
  A rakshasa (Vaults:1)
  An ice dragon (Zot:4)
  An ogre mage (Vaults:4)
  A centaur warrior (Vaults:4)
  A titan zombie (Vaults:5)
  A storm dragon zombie (Depths:4)
  A deep elf knight (Elf:1)
  6 orb spiders
  3 golden dragon zombies
  A deep elf summoner (Depths:1)
  4 shadow dragon zombies
  An iron dragon zombie (Vaults:5)
  An ugly thing zombie (Vaults:5)
  8 stone giant zombies
  2 sphinx zombies (Vaults:5)
  2 wolf spiders
  2 moths of wrath (Zot:5)
  A frost giant zombie (Depths:3)
  3 fire giant zombies
  3 ugly things (D:15)
  2 hell hog zombies (Depths:1)
  A red wasp (Swamp:5)
  3 draconian zombies
  21 water elementals
  17 fire elementals
  2 grey draconian zombies
  A purple draconian zombie (Zot:2)
  A yellow draconian zombie (Zot:5)
  2 pale draconian zombies
  A swamp worm zombie (Swamp:5)
  2 death yak zombies (Depths:5)
  A red draconian zombie (Zot:2)
  A storm dragon simulacrum (Depths:4)
  4 yaktaurs
  A death yak skeleton (Depths:1)
  11 jumping spiders
  2 two-headed ogres
  4 hydra zombies (Swamp:5)
  A giant leech (Swamp:5)
  A minotaur zombie (Depths:5)
  2 moth of wrath zombies
  A red wasp zombie (Vaults:4)
  A griffon zombie (Vaults:4)
  5 ice dragon zombies
  8 fire dragon zombies
  A slime creature (Vaults:2)
  An ettin skeleton (Depths:5)
  3 ettin zombies
  9 redbacks
  A deep elf mage (Elf:1)
  2 humans (D:14)
  A tarantella (Zot:5)
  3 deep elf fighters
  15 deep troll zombies
  3 tengu zombies
  A water moccasin (Swamp:5)
  A sky beast (D:13)
  2 spiders (Spider:2)
  A warg (Orc:4)
  3 swamp dragon zombies (Swamp:5)
  A swamp drake (Swamp:5)
  29 human zombies
  A centaur (Vaults:4)
  2 orc skeletons
  A torpor snail zombie (Depths:5)
  A vampire mosquito zombie (Swamp:5)
  5 salamander zombies
  22 yaktaur zombies
  7 hell hound zombies
  A cyclops skeleton (D:15)
  A scorpion (D:9)
  A warg zombie (Vaults:5)
  5 spriggan zombies
  11 elf zombies
  A troll zombie (Vaults:2)
  A giant frog zombie (Swamp:5)
  2 yellow wasp zombies
  4 centaur zombies
  An orc priest (D:12)
  3 two-headed ogre zombies
  A bog body skeleton (Swamp:2)
  2 orc wizards
  A worker ant (D:9)
  5 ogre zombies
  An ogre skeleton (Vaults:5)
  2 swamp drake zombies (Swamp:5)
  13 orc zombies
  4 orcs
  2 giant spores
  7 fungi
  9 plants
  6 toadstools (Swamp:2)
350 creatures vanquished.

Grand Total: 3401 creatures vanquished

Notes
Turn   | Place    | Note
--------------------------------------------------------------
     0 | D:1      | Tolias, the Draconian Arcane Marksman, began the quest for the Orb.
     0 | D:1      | Reached XP level 1. HP: 16/16 MP: 2/2
   159 | D:1      | Reached skill level 1 in Unarmed Combat
   245 | D:1      | Found a shattered altar of Ashenzari.
   253 | D:1      | Became a worshipper of Ashenzari the Shackled
   358 | D:1      | Reached XP level 2. HP: 20/23 MP: 3/3
   791 | D:2      | Reached XP level 3. HP: 21/28 MP: 4/4
   975 | D:2      | Reached skill level 3 in Unarmed Combat
  1344 | D:2      | Reached XP level 4. HP: 35/35 MP: 5/5
  1834 | D:3      | Reached skill level 4 in Unarmed Combat
  2333 | D:3      | Reached XP level 5. HP: 40/40 MP: 7/7
  2627 | D:4      | Noticed a phantom
  2673 | D:4      | Killed a phantom
  2673 | D:4      | Reached skill level 5 in Unarmed Combat
  2673 | D:4      | Reached XP level 6. HP: 28/47 MP: 8/8
  2727 | D:4      | Reached skill level 6 in Unarmed Combat
  3084 | D:4      | Noticed an orc warrior
  3125 | D:4      | Killed an orc warrior
  3685 | D:4      | Noticed Grinder
  3693 | D:4      | Paralysed by Grinder for 7 turns
  3706 | D:4      | Paralysed by Grinder for 5 turns
  3714 | D:4      | Paralysed by Grinder for 3 turns
  3729 | D:4      | Killed Grinder
  3729 | D:4      | Your scales start fading to a pale cyan-grey colour.
  3729 | D:4      | Reached XP level 7. HP: 59/59 MP: 9/9
  4011 | D:4      | Noticed a necrophage
  4016 | D:4      | Killed a necrophage
  4047 | D:5      | Entered Level 5 of the Dungeon
  4152 | D:5      | Found a sparkling altar of Nemelex Xobeh.
  4159 | D:5      | Found a sand-covered staircase.
  4164 | Ossuary  | Entered an ossuary
  4695 | Ossuary  | Reached skill level 5 in Fighting
  4789 | Ossuary  | Acquired Ashenzari's first power
  4818 | Ossuary  | Reached XP level 8. HP: 66/68 MP: 10/10
  5483 | D:5      | Reached skill level 7 in Unarmed Combat
  6402 | D:6      | Found Ygeqie's Antique Armour Boutique.
  6408 | D:6      | Found Smeytois' Assorted Antiques.
  6415 | D:6      | Reached skill level 8 in Unarmed Combat
  6519 | D:6      | Found Enopsi's Weapon Emporium.
  6540 | D:6      | Found an ancient bone altar of Kikubaaqudgha.
  6654 | D:6      | Found a white marble altar of Elyvilon.
  6706 | D:6      | Found Thrainosh's Assorted Antiques.
  6919 | D:6      | Noticed Eustachio
  6920 | D:6      | Found a deep blue altar of Sif Muna.
  6931 | D:6      | Reached skill level 9 in Unarmed Combat
  6935 | D:6      | Found a glowing silver altar of Zin.
  7088 | D:6      | Found a burning altar of Makhleb.
  7116 | D:6      | Reached XP level 9. HP: 56/74 MP: 11/11
  7205 | D:6      | Killed Eustachio
  7290 | D:7      | Found a basalt altar of Yredelemnul.
  7541 | D:7      | Reached skill level 10 in Unarmed Combat
  7961 | D:7      | Acquired Ashenzari's second power
  8384 | D:7      | Found a glowing golden altar of the Shining One.
  8477 | D:7      | Found a staircase to the Ecumenical Temple.
  8530 | D:7      | Reached skill level 11 in Unarmed Combat
  9061 | D:7      | Got the uncursed buckler "Xotwebro" {+Rage +Inv rPois rC+}
  9227 | D:7      | Reached skill level 5 in Dodging
  9721 | D:8      | Reached skill level 1 in Evocations
  9721 | D:8      | Reached XP level 10. HP: 80/84 MP: 13/13
 10102 | D:8      | Noticed a skeletal warrior
 10102 | D:8      | Noticed a skeletal warrior
 10102 | D:8      | Noticed a skeletal warrior
 10257 | D:8      | Found an iron altar of Okawaru.
 11204 | D:9      | Found a staircase to the Lair.
 11578 | D:9      | Found a blossoming altar of Fedhas.
 11798 | D:10     | Entered Level 10 of the Dungeon
 11893 | D:10     | Reached skill level 10 in Fighting
 12087 | D:10     | Reached XP level 11. HP: 99/99 MP: 18/18
 12348 | D:10     | Acquired Ashenzari's third power
 13253 | D:11     | Noticed a hill giant
 13265 | D:11     | Killed a hill giant
 13359 | D:11     | Paralysed by a yellow wasp for 3 turns
 13379 | D:11     | Found a staircase to the Orcish Mines.
 13519 | Orc:1    | Entered Level 1 of the Orcish Mines
 13620 | Orc:1    | Found a dark tunnel.
 13628 | Volcano  | Entered a volcano
 13689 | Volcano  | Reached skill level 5 in Evocations
 14264 | Orc:1    | Reached skill level 1 in Stealth
 14660 | Orc:2    | Found a bloodstained altar of Trog.
 15085 | D:11     | Noticed a hill giant
 15104 | D:11     | Killed a hill giant
 15279 | D:6      | Bought the +2 pair of fencer's gloves {EV+3 Dex+6 Slay+2} for 1212 gold pieces
 15690 | D:8      | Killed a skeletal warrior
 16035 | Lair:1   | Entered Level 1 of the Lair of Beasts
 16134 | Lair:1   | Found a shattered altar of Ashenzari.
 16199 | Lair:1   | Noticed a six-headed hydra
 16355 | Lair:1   | Identified a scroll of acquirement
 16355 | Lair:1   | Identified the cursed -2 pair of gloves of Trozxal {rN+} (You acquired it on level 1 of the Lair of Beasts)
 16394 | Lair:1   | Reached XP level 12. HP: 106/106 MP: 23/23
 16913 | Lair:1   | Killed a six-headed hydra
 16913 | Lair:1   | Reached skill level 12 in Unarmed Combat
 17045 | Lair:2   | Found a labyrinth entrance.
 17052 | Lab      | Entered a labyrinth
 17320 | Lab      | Noticed a minotaur
 17337 | Lab      | Killed a minotaur
 17348 | Lab      | Identified the ring "Zegaqocs" {Str-1 Dex+5 Stlth++} (You found it in a labyrinth)
 17578 | Lair:2   | Acquired Ashenzari's fourth power
 17839 | Lair:2   | Reached skill level 13 in Unarmed Combat
 18510 | Lair:3   | Identified First Steps in Spellcasting
 18517 | Lair:3   | Learned a level 1 spell: Apportation
 18524 | Lair:3   | Found a hole to the Spider Nest.
 18619 | Lair:3   | Found a frozen archway.
 18621 | Lair:3   | Noticed a six-headed hydra
 18697 | Lair:3   | Reached skill level 14 in Unarmed Combat
 18719 | IceCv    | Entered an ice cave
 19243 | Lair:3   | Killed a six-headed hydra
 19265 | Lair:3   | Found a staircase to the Swamp.
 19643 | Lair:3   | Noticed a five-headed hydra
 19657 | Lair:3   | Killed a five-headed hydra
 20504 | Lair:4   | Reached XP level 13. HP: 111/113 MP: 25/25
 20728 | Lair:4   | Reached skill level 15 in Unarmed Combat
 21182 | Lair:4   | Noticed a six-headed hydra
 21448 | Lair:4   | Killed a six-headed hydra
 21810 | Lair:5   | Reached skill level 16 in Unarmed Combat
 22374 | Lair:5   | Reached skill level 17 in Unarmed Combat
 23247 | D:6      | Bought a runed cabochon amulet for 110 gold pieces
 23265 | D:6      | Bought a shiny ivory wand for 88 gold pieces
 23925 | Lair:6   | Reached XP level 14. HP: 115/122 MP: 25/25
 23954 | Lair:6   | Reached skill level 5 in Crossbows
 26388 | Lair:7   | Found a viscous altar of Jiyva.
 26389 | Lair:7   | Found a staircase to the Slime Pits.
 26456 | Lair:8   | Entered Level 8 of the Lair of Beasts
 26835 | Lair:8   | Gained mutation: You are agile. (Dex +2) [potion of beneficial mutation]
 27167 | Lair:8   | Reached skill level 10 in Crossbows
 29505 | Orc:3    | Found a shimmering altar of Xom.
 29605 | Orc:4    | Entered Level 4 of the Orcish Mines
 29605 | Orc:4    | Found a bloodstained altar of Trog.
 29747 | Orc:4    | Reached skill level 10 in Dodging
 29747 | Orc:4    | Reached XP level 15. HP: 119/132 MP: 24/26
 29792 | Orc:4    | Found Cadwujoygo's Gadget Shoppe.
 29878 | Orc:4    | Cast into the Abyss (ogre mage)
 29970 | Orc:4    | Escaped the Abyss
 30257 | Orc:4    | Found Aczeaghott's Assorted Antiques.
 30400 | Orc:4    | Found a staircase to the Elven Halls.
 30450 | Orc:4    | Found Qovuomud's Weapon Shop.
 30452 | Orc:4    | Found Siobicre's Antique Weapon Shop.
 30453 | Orc:4    | Bought a phial of floods for 560 gold pieces
 31290 | D:12     | Gained mutation: Your muscles are strong. (Str +2) [potion of beneficial mutation]
 31934 | D:12     | Noticed a sphinx
 32504 | D:13     | Found a gate to the Vaults.
 33252 | D:14     | Noticed Kirke
 33258 | D:14     | Killed Kirke
 33311 | D:14     | Reached skill level 10 in Evocations
 34040 | D:15     | Entered Level 15 of the Dungeon
 34363 | D:15     | Reached XP level 16. HP: 145/145 MP: 27/29
 34548 | D:15     | Reached skill level 5 in Stealth
 34817 | D:15     | Found a staircase to the Depths.
 35244 | D:15     | Found a white marble altar of Elyvilon.
 35633 | D:15     | Identified the +5 buckler "Xotwebro" {+Rage +Inv rPois rC+} (You found it on level 7 of the Dungeon)
 35872 | Spider:1 | Entered Level 1 of the Spider Nest
 35892 | Spider:1 | Reached skill level 1 in Shields
 36261 | Spider:1 | Reached skill level 5 in Shields
 38398 | Spider:3 | Reached skill level 15 in Fighting
 38398 | Spider:3 | Reached XP level 17. HP: 153/156 MP: 30/30
 39181 | Spider:5 | Entered Level 5 of the Spider Nest
 41139 | Spider:5 | Got a gossamer rune of Zot
 41582 | Swamp:1  | Entered Level 1 of the Swamp
 42108 | Swamp:1  | Learned a level 4 spell: Animate Dead
 42131 | Swamp:1  | Reached skill level 1 in Necromancy
 42867 | Swamp:2  | Identified the ring of the Skies Above {Wiz +Inv rF+ rN+ MR+ Int+3}
 42913 | Swamp:2  | Noticed Nikola
 42931 | Swamp:2  | Killed Nikola
 43015 | Swamp:2  | Reached XP level 18. HP: 133/168 MP: 31/31
 43359 | Swamp:2  | Reached skill level 5 in Necromancy
 45236 | Swamp:5  | Entered Level 5 of the Swamp
 45281 | Swamp:5  | Learned a level 5 spell: Phase Shift
 45690 | Swamp:5  | Reached skill level 18 in Unarmed Combat
 45720 | Swamp:5  | Noticed the 27-headed Lernaean hydra
 45885 | Swamp:5  | Killed the 27-headed Lernaean hydra
 46207 | Swamp:5  | Got a decaying rune of Zot
 46732 | Elf:1    | Entered Level 1 of the Elven Halls
 46860 | Elf:1    | Found a magical portal.
 46865 | WizLab   | Entered Tukima's Studio
 46962 | WizLab   | Reached skill level 19 in Unarmed Combat
 47068 | WizLab   | Learned a level 6 spell: Haste
 47276 | WizLab   | Reached skill level 1 in Charms
 47502 | Elf:1    | Identified the ring "Meucvarung" {EV+2 Str+3 Dex+3}
 48159 | Elf:2    | Learned a level 6 spell: Deflect Missiles
 48253 | Elf:2    | Reached XP level 19. HP: 134/174 MP: 27/32
 48263 | Elf:2    | Reached skill level 1 in Air Magic
 48263 | Elf:2    | Gained mutation: You have difficulty communicating with the divine. [mutagenic glow]
 48801 | Elf:2    | Identified Archut's Disquisition on Curses
 49152 | D:12     | Paralysed by a sphinx for 5 turns
 49163 | D:12     | Paralysed by a sphinx for 3 turns
 49167 | D:12     | Killed a sphinx
 49456 | D:12     | Identified the Handbook of Harmful Hexes
 49541 | Vaults:1 | Entered Level 1 of the Vaults
 49681 | Vaults:1 | Reached skill level 5 in Charms
 49889 | Vaults:1 | Found Fueturop's Food Shop.
 49913 | Vaults:1 | Reached skill level 5 in Air Magic
 51551 | Vaults:2 | Found a staircase to the Crypt.
 51633 | Vaults:2 | Noticed Jorgrun
 51642 | Vaults:2 | Killed Jorgrun
 51770 | Vaults:2 | Reached skill level 5 in Spellcasting
 52217 | Vaults:2 | Noticed Aizul
 52243 | Vaults:2 | Killed Aizul
 53234 | Vaults:3 | Found a deep blue altar of Sif Muna.
 53246 | Vaults:3 | Learned a level 2 spell: Blink
 53251 | Vaults:3 | Learned a level 4 spell: Passage of Golubria
 53261 | Vaults:3 | Identified the +0 pair of boots "Piwkog" {rElec}
 53308 | Vaults:3 | Reached skill level 1 in Translocations
 53862 | Vaults:3 | Reached XP level 20. HP: 172/182 MP: 32/32
 53913 | Vaults:3 | Found Mneit's Assorted Antiques.
 53918 | Vaults:3 | Bought a pair of runed boots for 135 gold pieces
 53919 | Vaults:3 | Bought a crude cloak for 285 gold pieces
 53919 | Vaults:3 | Identified the +0 cloak "Mieg" {Str+3 Dex+2} (You bought it in a shop on level 3 of the Vaults)
 54517 | Vaults:3 | Reached skill level 5 in Translocations
 55333 | Vaults:4 | Found a portal to a secret trove of treasure.
 57191 | Depths:1 | Entered Level 1 of the Depths
 57366 | Depths:1 | Noticed Sojobo
 57748 | Depths:1 | Found a gateway to Hell.
 57845 | Depths:1 | Reached skill level 20 in Unarmed Combat
 57945 | Depths:1 | Reached XP level 21. HP: 142/189 MP: 29/35
 58870 | Depths:1 | Identified the ring "Blunkak" {EV+2 Str+3}
 59499 | Depths:2 | Found a one-way gate to the infinite horrors of the Abyss.
 60253 | Depths:2 | Reached skill level 15 in Evocations
 60737 | Depths:3 | Found a gateway to a ziggurat.
 62181 | Depths:3 | Found a one-way gate leading to the halls of Pandemonium.
 62190 | Depths:3 | Identified the Collected Works on Torrid Blows and Bruises
 62244 | Depths:3 | Reached skill level 21 in Unarmed Combat
 64339 | Depths:4 | Reached XP level 22. HP: 185/198 MP: 36/36
 64459 | Depths:4 | Reached skill level 22 in Unarmed Combat
 64510 | Depths:4 | Found a sparkling altar of Nemelex Xobeh.
 64997 | Depths:4 | Found an ancient bone altar of Kikubaaqudgha.
 65682 | Depths:4 | Found a glowing golden altar of the Shining One.
 66087 | Depths:4 | Reached skill level 15 in Dodging
 66312 | Depths:4 | Learned a level 3 spell: Regeneration
 66314 | Depths:4 | Learned a level 1 spell: Animate Skeleton
 66685 | Depths:4 | Found a snail-covered altar of Cheibriados.
 66785 | Depths:5 | Entered Level 5 of the Depths
 66975 | Depths:5 | Found a gate to the Realm of Zot.
 67028 | Depths:4 | Learned a level 3 spell: Flight
 67766 | Depths:5 | Reached XP level 23. HP: 209/209 MP: 38/38
 68083 | Depths:5 | Reached skill level 10 in Stealth
 69057 | Vaults:5 | Entered Level 5 of the Vaults
 69810 | Vaults:5 | Found Clolauf's Jewellery Emporium.
 69865 | Vaults:5 | Found Ufom Sau's Jewellery Boutique.
 70286 | Vaults:5 | Identified the ring "Zysuv" {+Fly rF++ Stlth-}
 70498 | Vaults:5 | Found Grotad's Distillery.
 70505 | Vaults:5 | Bought a potion of might for 40 gold pieces
 70505 | Vaults:5 | Bought a potion of heal wounds for 48 gold pieces
 70505 | Vaults:5 | Bought a potion of resistance for 112 gold pieces
 70505 | Vaults:5 | Bought a potion of resistance for 112 gold pieces
 70505 | Vaults:5 | Bought a potion of brilliance for 40 gold pieces
 70505 | Vaults:5 | Bought a potion of magic for 88 gold pieces
 70505 | Vaults:5 | Bought a potion of curing for 32 gold pieces
 70505 | Vaults:5 | Bought 2 potions of agility for 80 gold pieces
 70505 | Vaults:5 | Bought a potion of agility for 40 gold pieces
 70513 | Vaults:5 | Found Guevit's Food Shoppe.
 70558 | Vaults:5 | Reached XP level 24. HP: 105/224 MP: 22/38
 70791 | Vaults:5 | Found Ukkus' Magic Scroll Emporium.
 70797 | Vaults:5 | Bought a scroll of teleportation for 33 gold pieces
 70797 | Vaults:5 | Bought 2 scrolls of teleportation for 66 gold pieces
 70797 | Vaults:5 | Bought a scroll of fog for 22 gold pieces
 70797 | Vaults:5 | Bought a scroll of teleportation for 33 gold pieces
 71171 | Vaults:5 | Bought a beef jerky for 19 gold pieces
 71171 | Vaults:5 | Bought a meat ration for 65 gold pieces
 71171 | Vaults:5 | Bought a meat ration for 65 gold pieces
 71171 | Vaults:5 | Bought a meat ration for 65 gold pieces
 71171 | Vaults:5 | Bought a meat ration for 65 gold pieces
 71171 | Vaults:5 | Bought a beef jerky for 19 gold pieces
 71171 | Vaults:5 | Bought a meat ration for 65 gold pieces
 71171 | Vaults:5 | Bought a beef jerky for 19 gold pieces
 71171 | Vaults:5 | Bought a bread ration for 65 gold pieces
 71171 | Vaults:5 | Bought a bread ration for 65 gold pieces
 71576 | Vaults:5 | Got a silver rune of Zot
 72200 | Zot:1    | Entered Level 1 of the Realm of Zot
 72215 | Zot:1    | Reached skill level 23 in Unarmed Combat
 72547 | Zot:2    | Noticed an orb of fire
 72962 | Zot:2    | Gained mutation: You tend to lose your temper in combat. [an orb of fire]
 72965 | Zot:2    | Gained mutation: Your body is slowly deteriorating. [an orb of fire]
 72972 | Zot:2    | Lost mutation: Your muscles are strong. (Str +2) [an orb of fire]
 72984 | Zot:2    | Killed an orb of fire
 73360 | Zot:5    | Entered Level 5 of the Realm of Zot
 73584 | Zot:5    | Reached XP level 25. HP: 221/238 MP: 39/39
 73721 | Zot:5    | Reached skill level 24 in Unarmed Combat
 74008 | Zot:5    | Noticed an orb of fire
 74017 | Zot:5    | Gained mutation: You often lose your temper in combat. [an orb of fire]
 74021 | Zot:5    | Killed an orb of fire
 74053 | Zot:5    | Noticed an ancient lich
 74070 | Zot:5    | Killed an ancient lich
 74074 | Zot:5    | Noticed an ancient lich
 74088 | Zot:5    | Killed an ancient lich
 74232 | Zot:5    | Noticed an orb of fire
 74354 | Zot:5    | Gained mutation: Your magical capacity is low (-10% MP). [an orb of fire]
 74354 | Zot:5    | Gained mutation: Your magical capacity is very low (-20% MP). [an orb of fire]
 74363 | Zot:5    | Gained mutation: You are covered in fur (AC +1). [an orb of fire]
 74367 | Zot:5    | Gained mutation: Your body is misshapen. [an orb of fire]
 74369 | Zot:5    | Gained mutation: Your magical capacity is extremely low (-30% MP). [an orb of fire]
 74372 | Zot:5    | Gained mutation: Your vision is a little blurry. [an orb of fire]
 74374 | Zot:5    | Killed an orb of fire
 74420 | Zot:5    | Noticed an orb of fire
 74432 | Zot:5    | Gained mutation: Potions and wands are less effective at restoring your health. [an orb of fire]
 74434 | Zot:5    | Gained mutation: You are frail (-10% HP). [an orb of fire]
 74445 | Zot:5    | Noticed an ancient lich
 74451 | Zot:5    | Killed an ancient lich
 74677 | Zot:5    | Noticed an orb of fire
 74679 | Zot:5    | Lost mutation: You are agile. (Dex +2) [an orb of fire]
 74691 | Zot:5    | Gained mutation: Space occasionally distorts in your vicinity. [an orb of fire]
 74703 | Zot:5    | Killed an orb of fire
 74762 | Zot:5    | Noticed an ancient lich
 74776 | Zot:5    | Killed an ancient lich
 74862 | Zot:5    | Reached skill level 25 in Unarmed Combat
 74881 | Zot:5    | Noticed an ancient lich
 74906 | Zot:5    | Killed an ancient lich
 74954 | Zot:5    | Noticed an orb of fire
 74955 | Zot:5    | Gained mutation: Your spells are a little easier to cast, but a little less powerful. [an orb of fire]
 74967 | Zot:5    | Gained mutation: You have an uncontrollable temper. [an orb of fire]
 74972 | Zot:5    | Gained mutation: You occasionally shout uncontrollably at your foes. [an orb of fire]
 74973 | Zot:5    | Killed an orb of fire
 75022 | Zot:5    | Lost mutation: Your spells are a little easier to cast, but a little less powerful. [potion of cure mutation]
 75022 | Zot:5    | Lost mutation: Your body is misshapen. [potion of cure mutation]
 75022 | Zot:5    | Lost mutation: You have difficulty communicating with the divine. [potion of cure mutation]
 75022 | Zot:5    | Lost mutation: You have an uncontrollable temper. [potion of cure mutation]
 75022 | Zot:5    | Lost mutation: Potions and wands are less effective at restoring your health. [potion of cure mutation]
 75023 | Zot:5    | Lost mutation: Your body is slowly deteriorating. [potion of cure mutation]
 75023 | Zot:5    | Lost mutation: You occasionally shout uncontrollably at your foes. [potion of cure mutation]
 75023 | Zot:5    | Lost mutation: You are frail (-10% HP). [potion of cure mutation]
 75023 | Zot:5    | Lost mutation: Space occasionally distorts in your vicinity. [potion of cure mutation]
 75023 | Zot:5    | Lost mutation: Your magical capacity is extremely low (-30% MP). [potion of cure mutation]
 75024 | Zot:5    | Lost mutation: You often lose your temper in combat. [potion of cure mutation]
 75024 | Zot:5    | Lost mutation: Your vision is a little blurry. [potion of cure mutation]
 75024 | Zot:5    | Lost mutation: You tend to lose your temper in combat. [potion of cure mutation]
 75024 | Zot:5    | Lost mutation: Your magical capacity is very low (-20% MP). [potion of cure mutation]
 75036 | Zot:5    | Got the Orb of Zot
 75298 | Depths:3 | Noticed Kiod the pandemonium lord
 75350 | Depths:3 | Noticed Vuextoyg the pandemonium lord
 75350 | Depths:3 | Noticed Qiaritti the pandemonium lord
 75352 | Depths:3 | Reached XP level 26. HP: 132/253 MP: 29/36
 75377 | Depths:2 | Gained mutation: You are dopey. (Int -2) [mutagenic glow]
 75439 | Depths:1 | Gained mutation: You are weak. (Str -2) [mutagenic glow]
 75722 | D:2      | Gained mutation: Your body is misshapen. [a cacodemon]
 75845 | D:$      | Escaped with the Orb!

Action                   |  1- 3 |  4- 6 |  7- 9 | 10-12 | 13-15 | 16-18 | 19-21 | 22-24 | 25-27 || total
-------------------------+-------+-------+-------+-------+-------+-------+-------+-------+-------++-------
Melee: Unarmed           |    62 |   165 |   503 |  1396 |  1990 |  2219 |  2375 |  1719 |   326 || 10755
 Fire: Hand crossbow     |    40 |    65 |       |    10 |   156 |    73 |    16 |    13 |       ||   373
       Blowgun           |       |       |    15 |     4 |    40 |   102 |    11 |     7 |     3 ||   182
Throw: Throwing net      |       |       |       |       |     1 |       |       |     2 |     6 ||     9
 Cast: Animate Dead      |       |       |       |       |       |    15 |    58 |    69 |     5 ||   147
       Haste             |       |       |       |       |       |       |    12 |    11 |    10 ||    33
       Deflect Missiles  |       |       |       |       |       |       |     8 |    11 |     2 ||    21
       Phase Shift       |       |       |       |       |       |       |     2 |     2 |     6 ||    10
       Apportation       |       |       |       |       |       |       |     1 |     1 |       ||     2
       Blink             |       |       |       |       |       |       |     1 |     1 |     5 ||     7
       Regeneration      |       |       |       |       |       |       |       |    73 |    41 ||   114
       Animate Skeleton  |       |       |       |       |       |       |       |     2 |       ||     2
       Flight            |       |       |       |       |       |       |       |       |     2 ||     2
Invok: Scrying           |       |       |       |       |       |       |       |       |     1 ||     1
 Abil: Breathe Steam     |       |       |    42 |    61 |    23 |    10 |     5 |     4 |       ||   145
       Evoke Invisibilit |       |       |       |     8 |    27 |    15 |    16 |     8 |       ||    74
       Turn Visible      |       |       |       |     4 |    14 |     4 |    10 |     3 |       ||    35
Evoke: Wand              |       |     3 |     1 |    21 |    15 |    20 |    10 |    16 |     8 ||    94
       Phial of floods   |       |       |       |       |       |     6 |     9 |     5 |     6 ||    26
       Lamp of fire      |       |       |       |       |       |     1 |     5 |    11 |     4 ||    21
       Sack of spiders   |       |       |       |       |       |       |     1 |     4 |     6 ||    11
  Use: Scroll            |     3 |     8 |    14 |    21 |    14 |    11 |    13 |    21 |     7 ||   112
       Potion            |       |     2 |       |     1 |     2 |     2 |     4 |     8 |    17 ||    36
 Stab: Sleeping          |       |       |     2 |    14 |    38 |    36 |    30 |    19 |       ||   139
       Invisible         |       |       |       |    56 |   157 |   149 |   160 |    90 |       ||   612
       Distracted        |       |       |       |     1 |     4 |    12 |    27 |    30 |     6 ||    80
       Fleeing           |       |       |       |       |     1 |       |       |       |       ||     1
       Held in net/web   |       |       |       |       |       |       |       |     3 |     6 ||     9
       Confused          |       |       |       |       |       |       |       |       |     1 ||     1
  Eat: Chunk             |       |     8 |    19 |    29 |    28 |    25 |     4 |     2 |       ||   115
       Royal jelly       |       |       |     2 |       |       |     3 |     2 |     3 |       ||    10
       Pizza             |       |       |     1 |     2 |     2 |     2 |     3 |     2 |       ||    12
       Beef jerky        |       |       |       |     2 |       |       |       |       |       ||     2
       Fruit             |       |       |       |     3 |       |       |       |       |       ||     3
       Meat ration       |       |       |       |     1 |     1 |       |       |     9 |     4 ||    15
       Bread ration      |       |       |       |     1 |     6 |     6 |    15 |     2 |       ||    30
